 Dungeon Crawl Stone Soup version 0.26-a0-611-g354ed81502 (webtiles) character file.

Game seed: 8528395004030088982

1208 Descartes the Shield-Bearer (level 8, 0/67 HPs)
             Began as a Formicid Fighter on Sept 7, 2020.
             Slain by Pikel
             ... wielding a +0 whip of flaming
              (5 damage)
             ... on level 5 of the Dungeon.
             The game lasted 00:09:05 (5209 turns).

Descartes the Shield-Bearer (Formicid Fighter)      Turns: 5209, Time: 00:09:06

Health: 0/67       AC: 13    Str: 21    XL:     8   Next: 74%
Magic:  17/17      EV:  7    Int: 10    God:
Gold:   345        SH: 11    Dex: 10    Spells: 7/7 levels left

rFire    . . .     SeeInvis +   a - +0 long sword
rCold    . . .     Faith    .   c - +0 kite shield
rNeg     . . .     Spirit   .   f - +0 chain mail
rPois    .         Reflect  .   (helmet unavailable)
rElec    .         Harm     .   l - +0 cloak
rCorr    .                      (no gloves)
MR       .....                  v - +0 pair of boots
Stlth    ..........             (no amulet)
HPRegen  0.21/turn              o - ring of magical power
MPRegen  0.15/turn              (no ring)

@: no status effects
A: permanent stasis, dig shafts and tunnels, four strong arms, antennae 3
a: Dig, Shaft Self


You were on level 5 of the Dungeon.
You visited 2 branches of the dungeon, and saw 6 of its levels.

You collected 345 gold pieces.

Inventory:

Hand Weapons
 a - a +0 long sword (weapon)
 k - a +0 trident of venom
Missiles
 h - 248 stones (quivered)
 i - 8 boomerangs
 u - 96 arrows
 B - 4 curare-tipped darts
Armour
 c - a +0 kite shield (worn)
 f - a +0 chain mail (worn)
 l - a +0 cloak (worn)
 v - a +0 pair of boots (worn)
Jewellery
 o - a ring of magical power (left hand)
 y - an uncursed ring of protection from fire {unknown}
Scrolls
 b - a scroll of fear {unknown}
 e - 5 scrolls of identify {unknown}
 g - 4 scrolls of enchant weapon {unknown}
 j - 4 scrolls of remove curse {unknown}
 m - 4 scrolls of immolation {unknown}
 n - 2 scrolls of amnesia {unknown}
 q - a scroll of noise {unknown}
 r - 2 scrolls of teleportation {unknown}
 s - 2 scrolls of magic mapping {unknown}
 t - a scroll of enchant armour {unknown}
Potions
 d - 2 potions of might
 p - a potion of berserk rage
 w - a potion of magic
 x - a potion of lignification
 z - a potion of flight {unknown}
 A - a potion of heal wounds


   Skills:
 + Level 7.1 Fighting
 - Level 2.0 Long Blades
 + Level 7.0 Armour
 + Level 7.7 Shields


You had 7 spell levels left.
You didn't know any spells.
Your spell library was empty.

Dungeon Overview and Level Annotations

Branches:
Dungeon (5/15)             Temple (1/1) D:4

Altars:
Ashenzari
Cheibriados
Dithmenos
Elyvilon
Fedhas
Hepliaklqana
Kikubaaqudgha
Makhleb
Nemelex Xobeh
Qazlal
Ru
Sif Muna
Trog
Uskayaw
Vehumet
Wu Jian
Xom
Yredelemnul
The Shining One

Shops:
D:4 =

Annotations:
D:5 Pikel


Innate Abilities, Weirdness & Mutations

You cannot be hasted, slowed, berserked, paralysed or teleported.
You can dig through walls and to a lower floor.
Your four strong arms can wield two-handed weapons with a shield.
You have a pair of large antennae on your head. (SInv)


Message History

Pikel hits you but does no damage.
Your chain mail prevents you from hitting Pikel.
Pikel is severely wounded.
You block Pikel's attack.
You hit Pikel.
Pikel is severely wounded.
Pikel hits you with a +0 whip of flaming.
* * * LOW HITPOINT WARNING * * *
Pikel burns you.
* * * LOW HITPOINT WARNING * * *
You hit Pikel but do no damage.
Pikel is severely wounded.
Pikel hits you but does no damage. You block Pikel's attack.
You closely miss Pikel.
Pikel is severely wounded.
Pikel hits you but does no damage.
You hit Pikel.
Pikel is almost dead.
Pikel hits you with a +0 whip of flaming.
You die...

..........#.....
..........#.....
#####5.........
##5.........
##55.........
##{#..........
####{##..........
##K#{###..........
#@#{## #..........
##### #..........
#.....##'##
###+####.# #.##
#... ####


You could see Pikel.

Vanquished Creatures
  The ghost of Zigma the Ruffian, an amateur DrMo (D:3)
  Sigmund (D:2)
  2 sky beasts (D:5)
  An ogre (D:4)
  A gnoll sergeant (D:4)
  A centaur zombie (D:2)
  2 orc wizards
  2 bullfrog skeletons (D:4)
  An orc priest (D:4)
  A hound (D:4)
  A hound skeleton (D:5)
  7 gnolls
  8 adders
  A white imp (D:5)
  4 worms
  5 dart slugs
  2 leopard geckos
  15 orcs
  2 ball pythons (D:1)
  13 bats
  5 giant cockroaches
  8 goblins
  7 hobgoblins
  3 jackals (D:1)
  6 quokkas
  4 frilled lizards
  6 kobolds
  A leopard gecko skeleton (D:5)
  7 rats
118 creatures vanquished.

Vanquished Creatures (others)
  2 plants (D:1)
2 creatures vanquished.

Grand Total: 120 creatures vanquished

Notes
Turn   | Place    | Note
-------+----------+-------------------------------------------
     0 | D:1      | Descartes the Formicid Fighter began the quest for the Orb.
     0 | D:1      | Reached XP level 1. HP: 18/18 MP: 1/1
    67 | D:1      | Reached XP level 2. HP: 15/24 MP: 2/2
   310 | D:1      | Reached XP level 3. HP: 30/30 MP: 3/3
   473 | D:1      | Found a snail-covered altar of Cheibriados.
   980 | D:2      | Reached XP level 4. HP: 37/37 MP: 4/4
   995 | D:2      | Noticed Sigmund
  1008 | D:2      | Killed Sigmund
  1008 | D:2      | Reached skill level 5 in Shields
  1008 | D:2      | Reached XP level 5. HP: 29/43 MP: 5/5
  1008 | D:2      | Reached XP level 6. HP: 33/50 MP: 6/6
  1161 | D:2      | Found a shimmering blue altar of Sif Muna.
  1191 | D:2      | Reached skill level 5 in Fighting
  1191 | D:2      | Reached skill level 5 in Armour
  1745 | D:2      | Found a blossoming altar of Fedhas.
  1898 | D:2      | Found a shimmering altar of Xom.
  1898 | D:2      | Found a snail-covered altar of Cheibriados.
  1899 | D:2      | Found a shattered altar of Ashenzari.
  2300 | D:3      | Reached XP level 7. HP: 31/56 MP: 7/7
  2814 | D:3      | Found a runed translucent gate.
  2816 | D:3      | Found a runed translucent gate.
  2818 | D:3      | Noticed Zigma's ghost (amateur DrMo)
  2823 | D:3      | Found a runed translucent gate.
  2886 | D:3      | Killed Zigma's ghost
  3311 | D:4      | Reached XP level 8. HP: 50/64 MP: 8/8
  3479 | D:4      | Found Qidd's Jewellery Emporium.
  3545 | D:4      | Found a stormy altar of Qazlal.
  3743 | D:4      | Found a staircase to the Ecumenical Temple.
  3754 | Temple   | Entered the Ecumenical Temple
  4061 | D:4      | HP: 2/97 [gnoll sergeant/+0 trident of venom (7)]
  4416 | D:5      | Entered Level 5 of the Dungeon
  5165 | D:5      | Noticed Pikel
  5209 | D:5      | Slain by Pikel

Illustrated notes

Levels and vault maps discovered:
D:1:      denvon_arrival_planthouse, layout_rooms, roderic_roman_lattice,
          serial_bayou_pond_c, cheibriados_altar_1
D:2:      layout_basic, nicolae_overflow_crystal_walls, old_standard_altar,
          grunt_temple_overflow_open, grunt_ministairs_13, uniq_sigmund
D:3:      layout_loops_ring, ebering_ghost_rock_garden, grunt_ministairs_12,
          minmay_misc_feat_pillars, chequers_serial_rivers_small_b,
          minmay_cut_off
D:4:      layout_basic, grunt_qazlal_sundering,
          minmay_temple_entry_proselytizer, serial_shops, nicolae_shop_crystal,
          lightli_minifort
D:5:      layout_basic, hangedman_feature_mirror, uniq_pikel
Temple:   oiseaux_autumnal_temple

Skill      XL: |  1  2  3  4  5  6  7  8 |
---------------+-------------------------+-----
Shields        | 4 5 6 7 |  7.7
Armour         | 4 5 6 7 |  7.0
Fighting       | 4 5 6 7 |  7.1
Long Blades    | |  2.0

Action                   |  1- 3 |  4- 6 |  7- 9 || total
-------------------------+-------+-------+-------++-------
Melee: Long sword        |   106 |   161 |   304 ||   571
 Abil: Dig               |       |       |     3 ||     3
  Use: Potion            |       |       |     6 ||     6
Armor: Scale mail        |    18 |       |       ||    18
       Chain mail        |    47 |   110 |   139 ||   296
       Skin              |       |       |    12 ||    12
Dodge: Dodged            |    43 |    39 |    54 ||   136
Block: Kite shield       |    64 |   133 |   164 ||   361
       Rpst.: Long sword |    18 |     8 |    16 ||    42

Table legend: (Time is in decaauts)
 A = Elapsed time spent in this place.
 B = Non-inter-level travel time spent in this place.
 C = Inter-level travel time spent in this place.
 D = Time resting spent in this place.
 E = Time spent auto-exploring this place.
 F = Levels seen in this place.
 G = Mean time per level.
                   A        B        C        D        E       F      G
               +--------+--------+--------+--------+--------+-----+--------+
         Total |   5412 |   5314 |     98 |      0 |   4099 |   6 |  902.0 |
       Dungeon |   5164 |   5089 |     75 |      0 |   3885 |   5 | 1032.8 |
        Temple |    247 |    224 |     23 |      0 |    214 |   1 |  247.0 |
               +--------+--------+--------+--------+--------+-----+--------+

Top non-repeatable levels by time:
     D:3: 1307 daAuts
     D:2: 1201 daAuts
     D:4: 954 daAuts
     D:1: 870 daAuts
     D:5: 830 daAuts
  Temple: 247 daAuts
